 Dungeon Crawl Stone Soup version 0.21-a0-444-g29a2fec (webtiles) character file.

123 torrenera the Chopper (level 4, -1/40 HPs)
             Began as a Deep Dwarf Fighter on Nov 17, 2017.
             Shot with an arrow by a centaur (12 damage)
             ... on level 3 of the Dungeon.
             The game lasted 00:02:30 (1666 turns).

torrenera the Chopper (Deep Dwarf Fighter)          Turns: 1666, Time: 00:02:31

Health: -1/40      AC:  6    Str: 21    XL:     4   Next: 80%
Magic:  4/4        EV:  7    Int:  8    God:
Gold:   70         SH:  9    Dex: 12    Spells: 3/3 levels left

rFire    . . .     SeeInvis .   a - +0 war axe
rCold    . . .     Gourm    .   c - +0 shield
rNeg     . . .     Faith    .   b - +0 scale mail
rPois    .         Spirit   .   (no helmet)
rElec    .         Reflect  .   (no cloak)
rCorr    .         Harm     .   (no gloves)
MR       .....                  (no boots)
Stlth    ..........             (no amulet)
HPRegen  0.00/turn              (no ring)
MPRegen  0.09/turn              (no ring)

@: non-regenerating, drained
A: damage resistance, heal wounds, sense surroundings 1, no regeneration
a: Heal Wounds


You were on level 3 of the Dungeon.
You were not hungry.

You visited 1 branch of the dungeon, and saw 3 of its levels.

You collected 70 gold pieces.

Inventory:

Hand Weapons
 a - a +0 war axe (weapon)
Armour
 b - a +0 scale mail (worn)
 c - a +0 shield (worn)
 g - a +0 large shield
Jewellery
 k - an uncursed ring of resist corrosion {unknown}
Scrolls
 h - 4 scrolls of remove curse {unknown}
 i - a scroll of immolation {unknown}
 j - 3 scrolls of fog {unknown}
 o - a scroll of identify {unknown}
 u - a scroll of noise {unknown}
 v - a scroll of enchant weapon {unknown}
Potions
 d - a potion of might
 e - 2 potions of flight {unknown}
 l - a potion of mutation {unknown}
 n - 3 potions of curing {unknown}
 p - a potion of lignification {unknown}
 q - a potion of magic {unknown}
 r - 2 potions of agility {unknown}
 t - a potion of haste {unknown}
Comestibles
 f - 2 bread rations
 m - 7 chunks of flesh
 s - 3 fruits


   Skills:
 - Level 2.6(2.5) Fighting
 + Level 5.6(5.5) Axes
 - Level 3.2(3.1) Armour
 - Level 3.2(3.1) Shields


You had 3 spell levels left.
You didn't know any spells.

Dungeon Overview and Level Annotations

Branches:
Dungeon (3/15)

Altars:


Innate Abilities, Weirdness & Mutations

You are resistant to damage.
You can heal yourself by infusing magical energy.
You passively map a small area around you.
You do not regenerate.


Message History

Items here: )) ††† a whip of draining; a flail; a gnoll corpse; an adder corpse; a gnoll corpse Butcher a gnoll corpse? [(y)es/(c)hoosy/(n)o/(a)ll/(e)dible/(q)uit/?]
Butcher a gnoll corpse? [(y)es/(c)hoosy/(n)o/(a)ll/(e)dible/(q)uit/?]
Butcher an adder corpse? [(y)es/(c)hoosy/(n)o/(a)ll/(e)dible/(q)uit/?]
You butcher the gnoll corpse. x2
You butcher the adder corpse.
m - 4 chunks of flesh (gained 1);
m - 6 chunks of flesh (gained 2)
m - 7 chunks of flesh (gained 1)
Things that are here:
a whip of draining; a flail
Things that are here:
a club; a kobold corpse You butcher the kobold corpse.
Things that are here:
a club; 2 inedible chunks of flesh; a kobold skeleton You see here a halberd.
A centaur comes into view.
The centaur wields a shortbow.
The centaur shoots an arrow.
The arrow hits you!
You die...

, * ,
...............# * *
*#....######.# **
####..#####.. ,, ,
#..)...### * , ,
#.####)### , ,
#..###..). , , .,*
##..######
c...#############.##
# *
#....@...........# #
################## #
#


You could see a centaur.

Vanquished Creatures
  4 gnolls (D:3)
  3 adders
  4 worms
  A leopard gecko (D:2)
  A ball python (D:3)
  3 bats
  8 goblins
  5 hobgoblins
  3 jackals (D:1)
  5 kobolds
  5 frilled lizards
  6 rats
48 creatures vanquished.

Notes
Turn   | Place    | Note
-------+----------+-------------------------------------------
     0 | D:1      | torrenera the Deep Dwarf Fighter began the quest for the Orb.
     0 | D:1      | Reached XP level 1. HP: 20/20 MP: 1/1
    91 | D:1      | Reached skill level 3 in Axes
   182 | D:1      | Reached XP level 2. HP: 18/27 MP: 2/2
   739 | D:2      | Reached skill level 4 in Axes
   739 | D:2      | Reached XP level 3. HP: 13/33 MP: 3/3
  1291 | D:2      | Found a faded altar of an unknown god.
  1563 | D:3      | Reached XP level 4. HP: 29/40 MP: 4/4
  1606 | D:3      | Reached skill level 5 in Axes
  1666 | D:3      | Noticed a centaur
  1666 | D:3      | Shot with an arrow by a centaur

Vault maps used:
D:1:      nzn_arrival_water_spiral, minmay_misc_feat_rugged
D:2:      chequers_ecumenical_altar_island
D:3:      first_bread, uniq_robin

Skill      XL: |  1  2  3  4 |
---------------+-------------+-----
Axes           | 3 4 5 |  5.6
Fighting       | |  2.6
Armour         | |  3.2
Shields        | |  3.2

Action                   |  1- 3 |  4- 6 || total
-------------------------+-------+-------++-------
Melee: War axe           |   171 |    30 ||   201
 Abil: Heal Wounds       |     2 |       ||     2
  Eat: Chunk             |     2 |     1 ||     3
Armor: Scale mail        |    53 |     8 ||    61
Dodge: Dodged            |    64 |    11 ||    75
Block: Shield            |    80 |     7 ||    87

Table legend:
 A = Spawn XP
 B = Non-spawn XP
 C = Spawn XP percentage of total XP
 D = Spawn monster count
 E = Non-spawn monster count
 F = Spawn count percentage of total count
 G = Total turns spent on level
                    A         B        C        D         E        F      G
               +---------+---------+-------+---------+---------+-------+---------
         Total |       0 |     177 |   0.0 |       0 |      48 |   0.0 |  1666
               +---------+---------+-------+---------+---------+-------+---------
           D:1 |       0 |      29 |   0.0 |       0 |      19 |   0.0 |   685
           D:2 |       0 |      64 |   0.0 |       0 |      18 |   0.0 |   866
           D:3 |       0 |      84 |   0.0 |       0 |      11 |   0.0 |   115
               +---------+---------+-------+---------+---------+-------+---------
